 Dungeon Crawl Stone Soup version 0.31-a0-981-geadf994542 (webtiles) character file.

Game seed: 15503637097229018933

1477 Malachi the Mimic (level 8, -1/32 HPs)
             Began as a Felid Shapeshifter on Oct 31, 2023.
             Slain by an orc
             ... wielding a +0 short sword
              (5 damage)
             ... on level 6 of the Dungeon.
             The game lasted 00:07:35 (6297 turns).

Malachi the Mimic (Felid Shapeshifter)              Turns: 6297, Time: 00:07:36

Health: -1/32      AC:  2    Str: 12    XL:     8   Next: 49%
Magic:  9/9        EV: 17    Int: 11    God:
Gold:   369        SH:  0    Dex: 16    Spells: 7/7 levels left
                                        Lives:  0   Deaths: 3

rFire   . .          .
                       - Unarmed
rCold   . . .        (shield unavailable)
rNeg    + . .        (body armour unavailable)
rPois   .            (helmet unavailable)
rElec   .            (cloak unavailable)
rCorr   .            (gloves unavailable)
SInv    +            (boots unavailable)
Will    +....        n - amulet of magic regeneration
Stlth   +            i - ring of positive energy
HPRegen 0.25/turn    e - ring of flight
MPRegen 0.51/turn

%: no passive effects
@: flux-form, flying, glowing, quick
A: glow, contaminating, very small, claws 1, fangs 3, see invisible, speed 1,
shaggy fur 2, stealthy paws, no weapons or thrown items, no armour, multi-lived
a: Begin Untransformation


You were on level 6 of the Dungeon.
You were something dangerously unstable.
You visited 1 branch of the dungeon, and saw 6 of its levels.

You collected 369 gold pieces.

Inventory:

Jewellery
 e - a ring of flight (right paw)
 h - a ring of resist corrosion
 i - a ring of positive energy (left paw)
 l - a ring of positive energy
 n - an amulet of magic regeneration (around neck)
Talismans
 b - a beast talisman
 c - a flux talisman (active)
Wands
 o - a wand of paralysis (6)
Potions
 d - a potion of attraction {unknown}
 f - 2 potions of cancellation {unknown}
 g - a potion of resistance {unknown}
 j - a potion of ambrosia {unknown}
 k - 2 potions of curing {unknown}
 m - 2 potions of heal wounds {unknown}
 p - a potion of invisibility {unknown}


   Skills:
 - Level 1.0 Fighting
 - Level 2.6 Dodging
 + Level 8.0 Unarmed Combat
 * Level 8.4 Shapeshifting


You had 7 spell levels left.
You didn't know any spells.
Your spell library contained the following spells:

 Spells                   Type           Power      Damage    Failure   Level
 Malign Gateway           Summ/Tloc      0%         N/A       100%        7
 Summon Horrible Things   Summ           0%         N/A       100%        8


Dungeon Overview and Level Annotations

Branches:
Dungeon (6/15)
 Temple: D:4-7

Altars:
Makhleb
Okawaru
Trog

Shops:
D:2 :

Annotations:
D:2 Robin


Innate Abilities, Weirdness & Mutations

You are something dangerously unstable.
You glow with magical radiation, making you easy to see and hit.
Foes you strike become dangerously contaminated with magical radiation.
You have sharp claws.
You have razor-sharp teeth.
You have supernaturally acute eyesight. (SInv)
You cover ground quickly. (Speed+)
You are covered in thick fur. (AC +2)
Your paws help you pounce on unaware monsters.
You are incapable of wielding weapons or throwing items.
You cannot wear armour.
You gain extra lives every three experience levels.


Message History

The centaur is moderately wounded.
The orc hits you with a +0 short sword. The centaur hits you.
The centaur kicks you.
You scratch the centaur.
The centaur glows dangerously bright.
The centaur is moderately wounded.
The orc wizard hits you with a +0 dagger.
The centaur completely misses you. x2
You completely miss the centaur. You bite the centaur.
The centaur is moderately wounded.
The centaur barely misses you. The centaur closely misses you.
The orc wizard completely misses you. The centaur misses you.
The centaur barely misses you.
You claw the centaur!
The centaur shudders as magic cascades through it!!
You kill the centaur!
The orc wizard hits you with a +0 dagger. x2
Your Unarmed Combat skill increases to level 8!
You scratch the orc wizard.
The orc wizard begins to glow.
The orc wizard is moderately wounded.
The orc wizard points at you and mumbles some strange words.
The magic dart hits you!
* * * LOW HITPOINT WARNING * * *
The orc wizard casts a spell at you. The puff of flame hits you.
* * * LOW HITPOINT WARNING * * *
The orc barely misses you. x2
You scratch the orc.
The orc begins to glow.
The orc is moderately wounded.
The orc wizard barely misses you.
The orc wizard hits you with a +0 dagger.
* * * LOW HITPOINT WARNING * * *
The orc barely misses you. The orc misses you.
You scratch the orc wizard.
The orc wizard glows dangerously bright.
The orc wizard is heavily wounded.
You barely miss the orc wizard.
The orc wizard is heavily wounded.
The orc wizard closely misses you. x2; The orc barely misses you.
The orc hits you with a +0 short sword.
You die...

#####.##........###
#.................###
#.###.#..##.........#
#..............#
###..##.......#
#..###.....##
...........#.##
.##.####....o..#...
#.# #.#.po......
#...oo......
#.#......>..
#.#.......##
......#...#
##.###.#...# . .# ..#
# .. #..


You could see 2 orc wizards and 2 orcs.

Vanquished Creatures
  2 ogres (D:5)
  2 black bears
  2 centaurs
  A phantom (D:3)
  A scorpion (D:5)
  2 gnoll sergeants
  2 howler monkeys (D:4)
  A jelly (D:5)
  4 hounds
  Crazy Yiuf (D:5)
  A gnoll bouda (D:4)
  Jessica (D:2)
  An iguana (D:4)
  2 sleepcaps (D:5)
  17 gnolls
  5 adders
  A shadow imp (D:5)
  A worm (D:4)
  2 dart slugs
  17 orcs
  3 ball pythons
  5 bats
  4 endoplasms
  4 giant cockroaches
  8 goblins
  7 hobgoblins
  15 jackals (D:4)
  3 quokkas
  4 frilled lizards
  5 kobolds
  5 rats
129 creatures vanquished.

Notes
Turn   | Place    | Note
-------+----------+-------------------------------------------
     0 | D:1      | Malachi the Felid Shapeshifter began the quest for the Orb.
     0 | D:1      | Reached XP level 1. HP: 9/9 MP: 2/2
   149 | D:2      | Reached XP level 2. HP: 7/12 MP: 3/3
   706 | D:2      | Noticed Jessica
   712 | D:2      | Killed Jessica
   713 | D:2      | Reached XP level 3. HP: 15/15 MP: 4/4
   750 | D:2      | Noticed Robin
  1002 | D:2      | Found the +8 longbow "Zephyr" {speed, Dex+3 SInv}
  1007 | D:2      | Reached XP level 4. HP: 19/19 MP: 5/5
  1100 | D:2      | Reached skill level 5 in Unarmed Combat
  1540 | D:2      | Found Nama's Book Shoppe.
  1566 | D:2      | You fall into a shaft and drop 2 floors!
  1773 | D:3      | Reached XP level 5. HP: 21/22 MP: 6/6
  1954 | D:3      | Found an iron altar of Okawaru.
  2181 | D:3      | Noticed a phantom
  2196 | D:3      | Killed a phantom
  2247 | D:3      | Found a large runed translucent door.
  2248 | D:3      | Found a large runed translucent door.
  2489 | D:3      | Found a burning altar of Makhleb.
  2500 | D:3      | Found a bloodstained altar of Trog.
  2551 | D:4      | Noticed a black bear
  2552 | D:4      | Gained mutation: You are covered in thick fur. (AC +2)
                  | [Felid growth]
  2552 | D:4      | Reached XP level 6. HP: 13/25 MP: 7/7
  3097 | D:4      | Reached skill level 5 in Shapeshifting
  3665 | D:4      | Reached XP level 7. HP: 28/28 MP: 8/8
  3670 | D:4      | Slain by an orc
  4476 | D:5      | Entered Level 5 of the Dungeon
  4872 | D:5      | Reached XP level 8. HP: 28/32 MP: 9/9
  5241 | D:5      | Found a runed translucent door.
  5242 | D:5      | Noticed Crazy Yiuf
  5666 | D:5      | Slain by a gnoll
  6115 | D:5      | HP: 1/30 [poisoned by Crazy Yiuf]
  6116 | D:5      | Killed Crazy Yiuf
  6117 | D:5      | Succumbed to Crazy Yiuf's poison
  6297 | D:6      | Slain by an orc

Illustrated notes

Levels and vault maps discovered:
D:1:      dpeg_arrival_rooms_b, layout_rooms
D:2:      layout_loops_ring, serial_shops, nicolae_shop_crystal, uniq_jessica,
          uniq_robin
D:3:      layout_basic, okawaru_trees_1, jmf_multi_god_temple2
D:4:      lemuel_castle_with_subvaults [lemuel_castle_interior_carwin_2],
          layout_basic, serial_bayou, serial_bayou_crossing,
          serial_bayou_pond_e, serial_bayou_lagoon_a, serial_bayou_ford_a
D:5:      layout_gridville, uniq_crazy_yiuf_cottage
D:6:      layout_loops_ring

Skill      XL: |  1  2  3  4  5  6  7  8 |
---------------+-------------------------+-----
Unarmed Combat | 4 5 6 7 8 |  8.0
Shapeshifting  | 4 5 7 8 |  8.4
Fighting       | |  1.0
Dodging        | |  2.6

Action                     |  1- 3 |  4- 6 |  7- 9 || total
---------------------------+-------+-------+-------++-------
  Melee: Unarmed           |    59 |   150 |   140 ||   349
         Bite              |     5 |    13 |    21 ||    39
         Punch             |     1 |     1 |     3 ||     5
  Evoke: Wand              |       |       |     1 ||     1
    Use: Scroll            |     3 |     1 |       ||     4
         Potion            |       |       |     1 ||     1
   Stab: Sleeping          |     1 |     1 |       ||     2
         Distracted        |       |       |     1 ||     1
         Paralysed         |       |       |     1 ||     1
 Armour: Skin              |    19 |    41 |    63 ||   123
  Dodge: Dodged            |    58 |   117 |   114 ||   289
   Form: Flux              |       |       |     1 ||     1

Table legend: (Time is in decaauts)
 A = Elapsed time spent in this place.
 B = Non-inter-level travel time spent in this place.
 C = Inter-level travel time spent in this place.
 D = Time resting spent in this place.
 E = Time spent auto-exploring this place.
 F = Levels seen in this place.
 G = Mean time per level.
                   A        B        C        D        E       F      G
               +--------+--------+--------+--------+--------+-----+--------+
         Total |   5590 |   5469 |    121 |   2149 |   2222 |   6 |  931.7 |
       Dungeon |   5590 |   5469 |    121 |   2149 |   2222 |   6 |  931.7 |
               +--------+--------+--------+--------+--------+-----+--------+

Top non-repeatable levels by time:
     D:5: 1520 daAuts
     D:4: 1444 daAuts
     D:3: 1156 daAuts
     D:1: 706 daAuts
     D:2: 673 daAuts
     D:6: 89 daAuts
